 Dungeon Crawl Stone Soup version 0.31-a0-844-gdc52ec4e09 (webtiles) character file.

Game seed: 15932983974898872761

53 Nedwor the Cutter (level 3, -4/28 HPs)
             Began as a Demonspawn Gladiator on Sept 28, 2023.
             Slain by an iguana (8 damage)
             ... on level 4 of the Dungeon.
             The game lasted 00:03:31 (1199 turns).

Nedwor the Cutter (Demonspawn Gladiator)            Turns: 1199, Time: 00:03:32

Health: -4/28      AC:  5    Str: 14    XL:     3   Next: 64%
Magic:  3/3        EV: 12    Int:  9    God:
Gold:   105        SH:  0    Dex: 16    Spells: 2/2 levels left

rFire   . . .        a - +0 rapier
rCold   . . .        (no shield)
rNeg    . . .        b - +0 leather armour
rPois   .            c - +0 helmet
rElec   .            (no cloak)
rCorr   .            (no gloves)
SInv    .            j - +0 pair of boots
Will    .....        (no amulet)
Stlth   +            (no ring)
HPRegen 0.24/turn    (no ring)
MPRegen 0.16/turn

%: no passive effects
@: about to teleport
A: magic regeneration, weakness stinger 1
a: no special abilities


You were on level 4 of the Dungeon.
You visited 1 branch of the dungeon, and saw 3 of its levels.

You collected 105 gold pieces.

Inventory:

Hand Weapons
 a - a +0 rapier (weapon)
Missiles
 d - 3 throwing nets (quivered)
 e - a javelin
Armour
 b - a +0 leather armour (worn)
 c - a +0 helmet (worn)
 j - a +0 pair of boots (worn)
Scrolls
 f - a scroll of identify
 l - 2 scrolls of blinking {unknown}
 m - a scroll of noise {unknown}
Potions
 h - a potion of might
 i - a potion of heal wounds {unknown}
 k - a potion of curing {unknown}
 n - a potion of invisibility {unknown}
 o - a potion of haste {unknown}


   Skills:
 + Level 2.6 Fighting
 * Level 3.5 Short Blades
 - Level 1.7 Throwing
 + Level 3.1 Dodging


You had 2 spell levels left.
You didn't know any spells.
Your spell library contained the following spells:

 Spells                   Type           Power      Damage    Failure   Level
 Summon Small Mammal      Summ           0%         N/A       45%         1
 Call Canine Familiar     Summ           0%         N/A       83%         3
 Summon Guardian Golem    Hex/Summ       0%         N/A       83%         3


Dungeon Overview and Level Annotations

Branches:
Dungeon (2/15)

Altars:


Innate Abilities, Weirdness & Mutations

You regenerate magic rapidly.
You have a small tail.


Message History

You hit the kobold.
You kill the kobold!
The orc barely misses you.
You hit the orc but do no damage. You punch the orc, but do no damage.
The orc hits you but does no damage. The orc hits you with a +0 hand axe.
You hit the orc.
Your tail-slap misses the orc.
The orc is moderately wounded.
The orc misses you. The orc hits you but does no damage.
You hit the orc.
The orc is severely wounded.
The orc closely misses you. The orc completely misses you.
You hit the orc but do no damage. You tail-slap the orc.
You kill the orc!
The orc hits you but does no damage.
You barely miss the iguana.
You tail-slap the iguana, but do no damage.
The orc barely misses you. The iguana closely misses you.
You hit the iguana.
The iguana is moderately wounded.
The orc hits you with a +0 hand axe. The iguana bites you.
You barely miss the iguana.
The iguana is moderately wounded.
The orc hits you with a +0 hand axe.
The iguana bites you but does no damage.
You hit the iguana but do no damage.
The iguana is moderately wounded.
The orc hits you with a +0 hand axe.
* * * LOW HITPOINT WARNING * * *
The iguana bites you.
* * * LOW HITPOINT WARNING * * *
You closely miss the iguana.
The iguana is moderately wounded.
The orc closely misses you. The iguana barely misses you.
As you read the scroll of teleportation, it crumbles to dust.
You feel strangely unstable. The orc hits you but does no damage.
The iguana closely misses you.
As you read the scroll of identify, it crumbles to dust.
h - a potion of might The orc barely misses you.
The iguana bites you!
You die...

.. .. #.
##.####
#.....#
#.....#
#.....#
#....o###.##
#.....@l...#
#.....###....#
#.....# #..
#.....#
#######


You could see an iguana and an orc.

Vanquished Creatures
  2 adders (D:2)
  2 dart slugs (D:2)
  An orc (D:4)
  3 ball pythons
  5 endoplasms
  A giant cockroach (D:1)
  A hobgoblin (D:1)
  A quokka (D:2)
  3 bats
  4 goblins
  4 kobolds
  2 rats
29 creatures vanquished.

Notes
Turn   | Place    | Note
-------+----------+-------------------------------------------
     0 | D:1      | Nedwor the Demonspawn Gladiator began the quest for the
                  | Orb.
     0 | D:1      | Reached XP level 1. HP: 16/16 MP: 1/1
   256 | D:1      | Gained mutation: You have a small tail. [demonic ancestry]
   256 | D:1      | Reached XP level 2. HP: 21/22 MP: 2/2
   911 | D:2      | Gained mutation: You regenerate magic rapidly. [demonic
                  | ancestry]
   911 | D:2      | Reached XP level 3. HP: 28/28 MP: 3/3
  1178 | D:2      | You fall into a shaft and drop 2 floors!
  1199 | D:4      | Slain by an iguana

Illustrated notes

Levels and vault maps discovered:
D:1:      denvon_arrival_waterhouse, layout_basic
D:2:      layout_basic
D:4:      layout_rooms, mainiacjoe_overflow_alcove_4, general_overflow_altar,
          enter_ossuary_2, lemuel_flame_loot_1

Skill      XL: |  1  2 |
---------------+-------+-----
Short Blades   | 3 |  3.5
Dodging        | 3 |  3.1
Fighting       | |  2.6
Throwing       | |  1.7

Action                     || total
---------------------------++-------
  Melee: Rapier            ||   106
         Punch             ||     2
         Tailslap          ||     7
    Use: Scroll            ||     4
   Stab: Sleeping          ||     1
 Armour: Leather armour    ||    56
  Dodge: Dodged            ||    66

Table legend: (Time is in decaauts)
 A = Elapsed time spent in this place.
 B = Non-inter-level travel time spent in this place.
 C = Inter-level travel time spent in this place.
 D = Time resting spent in this place.
 E = Time spent auto-exploring this place.
 F = Levels seen in this place.
 G = Mean time per level.
                   A        B        C        D        E       F      G
               +--------+--------+--------+--------+--------+-----+--------+
         Total |   1203 |   1135 |     68 |      0 |    908 |   3 |  401.0 |
       Dungeon |   1203 |   1135 |     68 |      0 |    908 |   3 |  401.0 |
               +--------+--------+--------+--------+--------+-----+--------+

Top non-repeatable levels by time:
     D:1: 787 daAuts
     D:2: 395 daAuts
     D:4: 21 daAuts
